 Dungeon Crawl Stone Soup version 0.27.1 (webtiles) character file.

Game seed: 13409138164396721640

57 ZARRMARR the Chiller (level 3, -3/19 HPs)
             Began as a Deep Elf Ice Elementalist on Aug 29, 2021.
             Shot with an arrow by a centaur (7 damage)
             ... on level 3 of the Dungeon.
             The game lasted 00:08:03 (2377 turns).

ZARRMARR the Chiller (Deep Elf Ice Elementalist)    Turns: 2377, Time: 00:08:04

Health: -3/19      AC:  4    Str:  8    XL:     3   Next: 73%
Magic:  9/10       EV: 12    Int: 20    God:
Gold:   60         SH:  0    Dex: 15    Spells: 9/10 levels left

rFire    . . .     SeeInvis .   o - +1 dagger (vamp)
rCold    . . .     Faith    .   (no shield)
rNeg     . . .     Spirit   .   a - +0 robe
rPois    .         Reflect  .   (no helmet)
rElec    .         Harm     .   (no cloak)
rCorr    +         Rampage  .   k - +0 pair of gloves {Str+3}
Will     .....                  e - +0 pair of boots
Stlth    ++........             (no amulet)
HPRegen  0.06/turn              l - ring of resist corrosion
MPRegen  0.12/turn              (no ring)

@: no status effects
A: no striking features
a: no special abilities


You were on level 3 of the Dungeon.
You visited 1 branch of the dungeon, and saw 3 of its levels.

You collected 60 gold pieces.

Inventory:

Hand Weapons
 o - a +1 vampiric dagger (weapon)
Armour
 a - a +0 robe (worn)
 e - a +0 pair of boots (worn)
 k - a +0 pair of gloves of strength (worn)
Magical Staves
 m - a staff of poison
Jewellery
 l - a ring of resist corrosion (left hand)
Wands
 i - a wand of digging (4)
Scrolls
 c - a scroll of magic mapping
 d - a scroll of vulnerability
 n - a scroll of enchant weapon {unknown}
 p - a scroll of teleportation {unknown}
Potions
 b - a potion of heal wounds {unknown}
 f - a potion of flight {unknown}
 g - a potion of might {unknown}
 h - a potion of curing {unknown}
 j - 2 potions of brilliance {unknown}


   Skills:
 + Level 2.5 Dodging
 - Level 2.4 Stealth
 - Level 4.1 Spellcasting
 + Level 5.4 Ice Magic


You had 9 spell levels left.
You knew the following spells:

 Your Spells              Type           Power      Damage    Failure   Level
a - Freeze                Ice            100%       1d11      1%          1

Your spell library contained the following spells:

 Spells                   Type           Power      Damage    Failure   Level
 Frozen Ramparts          Ice            50%        1d7       4%          3
 Ozocubu's Armour         Ice            25%        N/A       4%          3
 Summon Guardian Golem    Hex/Summ       4%         N/A       36%         3
 Hailstorm                Conj/Ice       15%        3d5       38%         4
 Orb of Destruction       Conj           2%         9d1       100%        7
 Spellforged Servitor     Conj/Summ      2%         N/A       100%        7


Dungeon Overview and Level Annotations

Branches:
Dungeon (3/15)

Altars:


Message History

Casting: Freeze (safe; 1% risk of failure)
Confirm with . or Enter, or press ? or * to list all spells.
Aiming: Freeze (safe; 1% risk of failure)
Press: ? - help, Shift-Dir - straight line, f/p - adder
Aim: an adder (almost dead, slow)
You freeze the adder.
You kill the adder!
Your Spellcasting skill increases to level 4!
Unknown command.
You start resting.
Magic restored.
You start waiting.
Done waiting.
Unknown command.
Okay, then.
Unknown command.
Unknown command.
You see here an adder corpse.
You see here an adder corpse.
There is a stone staircase leading down here.
You open the door.
An adder and a centaur come into view.
The centaur shouts!
The adder hisses angrily.
The adder bites you.
The centaur wields a +0 shortbow.
The centaur shoots an arrow.
The arrow hits you!
Ouch! That really hurt!
* * * LOW HITPOINT WARNING * * *
The adder bites you.
* * * LOW HITPOINT WARNING * * *
There is an open door, spattered with blood here.
Unknown command.
Casting: Freeze (safe; 1% risk of failure)
Confirm with . or Enter, or press ? or * to list all spells.
Aiming: Freeze (safe; 1% risk of failure)
Press: ? - help, Shift-Dir - straight line, f - adder
Aim: an adder You freeze the adder!
The adder is almost dead.
The centaur shoots an arrow.
The arrow hits you!
You die...

#..#...............##.#
####..#......##....#####.#
#..#..#......####### #.#
#..#..#......###########.#
#.†.>.....................
#.#####.#.##############..
#.......#.# #..
#########.# ##. #@# #.
#.S...# #. #.....# #.
#.....# #. #....c# #.
#.....# #. #.....# ##
##+####


You could see a centaur and an adder.

Vanquished Creatures
  A gnoll (D:2)
  An adder (D:3)
  A worm (D:3)
  A dart slug (D:1)
  An orc (D:3)
  5 ball pythons
  A bat (D:2)
  An endoplasm (D:1)
  A giant cockroach (D:1)
  4 goblins
  2 hobgoblins
  2 jackals (D:1)
  2 quokkas
  5 frilled lizards
  2 kobolds (D:3)
  2 rats
32 creatures vanquished.

Notes
Turn   | Place    | Note
-------+----------+-------------------------------------------
     0 | D:1      | ZARRMARR the Deep Elf Ice Elementalist began the quest for
                  | the Orb.
     0 | D:1      | Reached XP level 1. HP: 10/10 MP: 6/6
   224 | D:1      | Found a faded altar of an unknown god.
   243 | D:1      | Reached XP level 2. HP: 15/15 MP: 4/8
  1146 | D:2      | Reached skill level 5 in Ice Magic
  1240 | D:2      | Reached XP level 3. HP: 16/19 MP: 6/9
  2375 | D:3      | Noticed a centaur
  2377 | D:3      | Shot with an arrow by a centaur

Illustrated notes

Levels and vault maps discovered:
D:1:      roderic_chinese_lattice_arrival, layout_basic,
          chequers_ecumenical_altar_simple, lemuel_another_geyser
D:2:      layout_basic, kennysheep_generic_room_13
D:3:      layout_basic

Skill      XL: |  1  2  3 |
---------------+----------+-----
Ice Magic      | 5 |  5.4
Spellcasting   | 4 |  4.1
Dodging        | |  2.5
Stealth        | |  2.4

Action                   || total
-------------------------++-------
 Cast: Freeze            ||    50
  Use: Scroll            ||     3
Armor: Robe              ||     5
Dodge: Dodged            ||    23
